Construct Weapon Support Center
Construct Medical Station
M3 Armored Personnel Carrier
Construct Medical Station
M1918 Browning Automatic Rifles
Selects Airborne Battlegroup
Selects Heavy Machine Gun Paradrop
Selects Paratrooper Squad Paradrop
Selects Anti-tank Gun Team Paradrop
Anti-tank Gun Team Paradrop
Heavy Machine Gun Paradrop
Anti-tank Gun Team Paradrop
Selects Dual P-47 Rocket Strike
M18 Hellcat Tank Destroyer